 Dungeon Crawl Stone Soup version 0.27.0-1-g7a089689b8 (console) character file.

Game seed: 9333625006287616907

705 jejorda2 the Poker (level 7, -5/60 HPs)
             Began as a Merfolk Wanderer on Aug 3, 2021.
             Was a Priest of Elyvilon.
             Slain by a wyvern zombie (7 damage)
             ... on level 5 of the Dungeon.
             The game lasted 00:12:42 (5729 turns).

jejorda2 the Poker (Merfolk Wanderer)               Turns: 5729, Time: 00:12:43

Health: -5/60      AC:  9    Str: 15    XL:     7   Next: 67%
Magic:  9/9        EV:  9    Int: 10    God:    Elyvilon [***...]
Gold:   165        SH:  5    Dex: 14    Spells: 6/6 levels left

rFire    . . .     SeeInvis +   a - +0 spear
rCold    . . .     Faith    .   (no shield)
rNeg     . . .     Spirit   .   g - +0 scale mail
rPois    .         Reflect  +   (no helmet)
rElec    .         Harm     .   (no cloak)
rCorr    .         Rampage  .   (no gloves)
Will     .....                  b - +2 pair of boots
Stlth    ..........             k - amulet of reflection
HPRegen  0.20/turn              d - ring of see invisible
MPRegen  0.11/turn              f - ring of flight

@: flying
A: (nimble swimmer 2), mertail
a: Renounce Religion, Lesser Healing, Heal Other, Purification, Divine
Protection


You were on level 5 of the Dungeon.
You worshipped Elyvilon.
Elyvilon was most pleased with you.
You visited 1 branch of the dungeon, and saw 5 of its levels.
You also visited: Sewer.

You collected 165 gold pieces.

Inventory:

Hand Weapons
 a - a +0 spear (weapon)
Missiles
 e - 4 javelins
 j - 13 poisoned darts (quivered)
 l - 2 boomerangs
Armour
 b - a +2 pair of boots (worn)
 g - a +0 scale mail (worn)
Jewellery
 d - a ring of see invisible (left hand)
 f - a ring of flight (right hand)
 k - an amulet of reflection (around neck)
Wands
 n - a wand of acid (10)
Scrolls
 h - 2 scrolls of identify {unknown}
 i - a scroll of magic mapping {unknown}
 m - a scroll of immolation {unknown}


   Skills:
 - Level 7.3 Fighting
 - Level 1.0 Maces & Flails
 * Level 7.8 Polearms
 - Level 1.0 Throwing
 + Level 3.0 Armour
 - Level 1.0 Shields
 + Level 3.4 Invocations


You had 6 spell levels left.
You didn't know any spells.
Your spell library contained the following spells:

 Spells                   Type           Power      Damage    Failure   Level
 Gell's Gravitas          Tloc           0%         N/A       99%         3
 Lesser Beckoning         Tloc           0%         N/A       99%         3
 Teleport Other           Tloc           0%         N/A       99%         3


Dungeon Overview and Level Annotations

Branches:
Dungeon (5/15)              Sewer (visited)
 Temple: D:4-7

Altars:
Ashenzari
Elyvilon
Fedhas


Innate Abilities, Weirdness & Mutations

((You are quick and stealthy near water. (Stealth+, EV+, Speed+++)))
Your lower body shifts to a powerful aquatic tail in water.


Message History

Your Armour skill increases to level 3!
The wyvern zombie bites you!
* * * LOW HITPOINT WARNING * * *
You see here the human corpse of Prince Ribbit.
You hit the wyvern zombie.
The wyvern zombie is lightly damaged.
The wyvern zombie barely misses you.
You hit the wyvern zombie.
The wyvern zombie is moderately damaged.
You block the wyvern zombie's attack.
You hit the wyvern zombie.
The wyvern zombie is moderately damaged.
The wyvern zombie misses you.
You barely miss the wyvern zombie.
The wyvern zombie is moderately damaged.
The wyvern zombie bites you.
* * * LOW HITPOINT WARNING * * *
You hit the wyvern zombie but do no damage.
The wyvern zombie is moderately damaged.
The wyvern zombie bites you.
* * * LOW HITPOINT WARNING * * *
You hit the wyvern zombie but do no damage.
The wyvern zombie is moderately damaged.
The wyvern zombie bites you! Elyvilon protects you from harm!
It was a potion of magic.
Magic courses through your body. You block the wyvern zombie's attack.
That's the wrong kind of item! (Use * to select it.) Evoke which item? (* to show all) (? for menu, Esc to quit)
Okay, then.
Unknown command.
Aiming: Corrosive Bolt
Press: ? - help, Shift-Dir - straight line, f - wyvern zombie
Aim: a wyvern zombie (moderately damaged, 90% to hit)
The bolt of acid hits the wyvern zombie!
The wyvern zombie is splashed with acid.
The acid corrodes the wyvern zombie!
The wyvern zombie is heavily damaged.
The wyvern zombie bites you!
You die...

............###........#.
...........## #..>....#..
...........## #......#..#
............###.....#..##
#..(.........##....#..##
#............#...#..## #
#.............###..#####
##.............#...###..
#.....@Z.........##....
#....$..........##.....
#................#.....
#.....(.......###.......
#...........### ##.....[
#...........# #......#
#...........# #.....##
##.........## #.....#
#...###..


You could see a wyvern zombie (corroded).

Vanquished Creatures
  Prince Ribbit (D:5)
  A centaur (D:5)
  A kobold brigand (D:4)
  A bullfrog (Sewer)
  A bullfrog skeleton (D:5)
  A centaur skeleton (D:5)
  Jessica (D:2)
  An iguana (D:3)
  An orc wizard (D:2)
  8 adders
  4 worms
  2 dart slugs (D:2)
  2 orcs (D:2)
  5 endoplasms
  8 giant cockroaches
  3 goblins
  3 hobgoblins
  3 jackals (D:3)
  3 quokkas
  6 ball pythons
  5 bats
  9 frilled lizards
  2 kobolds
72 creatures vanquished.

Vanquished Creatures (others)
  An endoplasm (D:3)
  A plant (D:4)
2 creatures vanquished.

Grand Total: 74 creatures vanquished

Notes
Turn   | Place    | Note
-------+----------+-------------------------------------------
     0 | D:1      | jejorda2 the Merfolk Wanderer began the quest for the Orb.
     0 | D:1      | jejorda2 set off with the following items: a +2 mace, a
                  | potion of lignification, a +0 buckler, a +0 robe
     0 | D:1      | Reached XP level 1. HP: 23/23 MP: 1/1
   314 | D:1      | You fall into a shaft and drop 1 floor!
   330 | D:2      | Reached skill level 1 in Polearms
   330 | D:2      | Reached XP level 2. HP: 29/29 MP: 2/2
  1094 | D:1      | Reached XP level 3. HP: 25/34 MP: 3/3
  1940 | D:2      | Found a faded altar of an unknown god.
  1943 | D:2      | Noticed Jessica
  1952 | D:2      | Killed Jessica
  1953 | D:2      | Reached XP level 4. HP: 25/41 MP: 4/4
  1956 | D:2      | Became a worshipper of Elyvilon the Healer
  1956 | D:2      | Reached * piety under Elyvilon
  2821 | D:3      | Reached XP level 5. HP: 15/48 MP: 5/5
  3148 | D:3      | Reached ** piety under Elyvilon
  3791 | D:4      | Found a blossoming altar of Fedhas.
  3793 | D:4      | Found a broken altar of Ashenzari.
  3799 | D:4      | Reached skill level 1 in Invocations
  3815 | D:4      | Noticed a kobold brigand
  3852 | D:4      | HP: 2/48 [iguana (10)]
  4321 | D:4      | Killed a kobold brigand
  4322 | D:4      | Reached skill level 5 in Polearms
  4322 | D:4      | Reached XP level 6. HP: 22/55 MP: 5/7
  4680 | D:5      | Entered Level 5 of the Dungeon
  4747 | D:5      | Found a glowing drain.
  4774 | Sewer    | Entered a sewer
  5236 | D:5      | Reached *** piety under Elyvilon
  5253 | D:5      | Reached XP level 7. HP: 11/60 MP: 7/9
  5686 | D:5      | Noticed Prince Ribbit
  5719 | D:5      | Killed Prince Ribbit
  5726 | D:5      | HP: 2/60 [wyvern zombie (5)]
  5727 | D:5      | Elyvilon protects you from harm!
  5729 | D:5      | Slain by a wyvern zombie

Illustrated notes

Levels and vault maps discovered:
D:1:      heliophobic_arrival_glass_houses, layout_loops_corners,
          amcnicky_mini_corridor_feature
D:2:      layout_basic, dreamdust_ecumenical_altar_statues, uniq_jessica
D:3:      layout_loops_corners, minivault_27
D:4:      layout_rooms, fedhas_altar_1, ashenzari_altar_1
D:5:      layout_cave_pods, gup_sewer_entry_glass, minmay_misc_feat_enclosed,
          uniq_prince_ribbit1

Skill      XL: |  1  2  3  4  5  6  7 |
---------------+----------------------+-----
Polearms       | 1 2 3 4 5 6 7 |  7.8
Fighting       | 7 |  7.3
Invocations    | 1 2 3 |  3.4
Armour         | 2 3 |  3.0
Maces & Flails | |  1.0
Throwing       | |  1.0
Shields        | |  1.0

Action                   |  1- 3 |  4- 6 |  7- 9 || total
-------------------------+-------+-------+-------++-------
Melee: Mace              |    47 |       |       ||    47
       Short sword       |     9 |       |       ||     9
       Spear             |    43 |   380 |    38 ||   461
Throw: Dart              |       |       |     3 ||     3
Invok: Lesser Healing    |       |     4 |     2 ||     6
       Heal Other        |       |     5 |       ||     5
       Divine Protection |       |     1 |       ||     1
Evoke: Wand              |       |       |     1 ||     1
  Use: Potion            |     1 |     2 |     1 ||     4
Armor: Skin              |    22 |       |       ||    22
       Robe              |    14 |       |       ||    14
       Scale mail        |    11 |   118 |     8 ||   137
Dodge: Dodged            |    43 |   115 |     7 ||   165
Block: Buckler           |    18 |   104 |       ||   122
       Reflection        |       |     1 |       ||     1
       Other             |       |       |     8 ||     8
